| TOP OF THE 1ST |
|
Charlotte Knights batting - Pitching for Nashville Sounds : RHP Danny Nsoah
|
|
Pitching: RHP Danny Nsoah
|
|
|
Batting: LHB John Thurman
|
0-0: Swinging Strike 0-1: Foul Ball, location: 2F 0-2: Ball 1-2: Ball 2-2: Ball 3-2: Base on Balls
|
|
Batting: LHB Carlos Ramirez
|
0-0: Ball 1-0: Fly out, F7 (Line Drive, 7D, EV 91.9 MPH)
|
|
Batting: LHB Joe Kirkland
|
0-0: Ball 1-0: Foul Ball, location: 2F 1-1: Grounds into double play, 4-6-3 (Groundball, 4, EV 78.1 MPH)
|
| Top of the 1st over - 0 runs, 0 hits, 0 errors, 0 left on base; Charlotte 0 - Nashville 0 |
| BOTTOM OF THE 1ST |
|
Nashville Sounds batting - Pitching for Charlotte Knights : RHP Jake Milligan
|
|
Pitching: RHP Jake Milligan
|
|
|
Batting: RHB Jeff Garofalo
|
0-0: Ball 1-0: Ball 2-0: Foul Ball, location: 2F 2-1: Foul Ball, location: 2F 2-2: Ball 3-2: Strikes out swinging
|
|
Batting: SHB Robert Santiago
|
0-0: Fly out, F7 (Flyball, 7LS, EV 94.4 MPH)
|
|
Batting: RHB Tim Cordle
|
0-0: Ball 1-0: SINGLE (Groundball, 23, EV 73.1 MPH) (infield hit)
|
|
Batting: RHB David Herrera
|
0-0: Swinging Strike 0-1: Ball 1-1: Swinging Strike 1-2: Ball 2-2: Foul Ball, location: 2F 2-2: Fly out, F9 (Flyball, 89S, EV 92.5 MPH)
|
| Bottom of the 1st over - 0 runs, 1 hit, 0 errors, 1 left on base; Charlotte 0 - Nashville 0 |
| TOP OF THE 2ND |
|
Charlotte Knights batting - Pitching for Nashville Sounds : RHP Danny Nsoah
|
|
Batting: RHB Fletcher Easter
|
0-0: Ball 1-0: Called Strike 1-1: Foul Ball, location: 2F 1-2: Ball 2-2: Ground out 5-3 (Groundball, 15, EV 86.2 MPH)
|
|
Batting: LHB Ricardo Pagan
|
0-0: SINGLE (Groundball, 56D, EV 93.8 MPH)
|
|
Batting: LHB Adam Tarbutton
|
0-0: DOUBLE (Line Drive, 5D, EV 106.2 MPH) Ricardo Pagan to third
|
|
Batting: RHB Micah Brown
|
0-0: Ball 1-0: Called Strike 1-1: Ball 2-1: Swinging Strike 2-2: Foul Ball, location: 2F 2-2: Foul Ball, location: 2F 2-2: Fly out, F8 (Flyball, 8LS, EV 89.4 MPH)
|
|
Batting: RHB Danny Longoria
|
0-0: Ball 1-0: Ball 2-0: Ball 3-0: Base on Balls
|
|
Batting: RHB Kikuo Sato
|
0-0: Foul Ball, location: 2F 0-1: Called Strike 0-2: SINGLE (Groundball, 6MD, EV 107.5 MPH) Ricardo Pagan scores Adam Tarbutton to third Danny Longoria to second Runner from 3rd tries for Home, SAFE, throw by CF to home
|
|
Batting: LHB John Thurman
|
0-0: Fly out, F7 (Flyball, 78S, EV 93.8 MPH)
|
| Top of the 2nd over - 2 runs, 3 hits, 0 errors, 2 left on base; Charlotte 2 - Nashville 0 |
| BOTTOM OF THE 2ND |
|
Nashville Sounds batting - Pitching for Charlotte Knights : RHP Jake Milligan
|
|
Batting: LHB Tomas Segarra
|
0-0: Swinging Strike 0-1: Ball 1-1: Foul Ball, location: 2F 1-2: Ball 2-2: Strikes out looking
|
|
Batting: RHB Ryan Kinkead
|
0-0: Called Strike 0-1: Swinging Strike 0-2: Strikes out swinging
|
|
Batting: RHB Bill Cabrera
|
0-0: Ball 1-0: Foul Ball, location: 2F 1-1: Ball 2-1: Called Strike 2-2: Ball 3-2: Base on Balls
|
|
Batting: RHB Travis Robinson
|
0-0: Ball 1-0: Called Strike 1-1: Ball 2-1: Swinging Strike 2-2: Strikes out swinging
|
| Bottom of the 2nd over - 0 runs, 0 hits, 0 errors, 1 left on base; Charlotte 2 - Nashville 0 |
| TOP OF THE 3RD |
|
Charlotte Knights batting - Pitching for Nashville Sounds : RHP Danny Nsoah
|
|
Batting: LHB Carlos Ramirez
|
0-0: Ball 1-0: Ball 2-0: Ball 3-0: Called Strike 3-1: Foul Ball, location: 2F 3-2: Strikes out swinging
|
|
Batting: LHB Joe Kirkland
|
0-0: Ground out 5-3 (Groundball, 6, EV 95.6 MPH)
|
|
Batting: RHB Fletcher Easter
|
0-0: Ball 1-0: Ball 2-0: Foul Ball, location: 2F 2-1: Swinging Strike 2-2: Ground out 6-3 (Groundball, 6, EV 80.6 MPH)
|
| Top of the 3rd over - 0 runs, 0 hits, 0 errors, 0 left on base; Charlotte 2 - Nashville 0 |
| BOTTOM OF THE 3RD |
|
Nashville Sounds batting - Pitching for Charlotte Knights : RHP Jake Milligan
|
|
Batting: SHB Ryan Chicoine
|
0-0: Foul Ball, location: 2F 0-1: Swinging Strike 0-2: Strikes out looking
|
|
Batting: RHB Jeff Garofalo
|
0-0: Called Strike 0-1: Foul Ball, location: 2F 0-2: Ball 1-2: Strikes out looking
|
|
Batting: SHB Robert Santiago
|
0-0: Fly out, F7 (Flyball, 7LM, EV 80.6 MPH)
|
| Bottom of the 3rd over - 0 runs, 0 hits, 0 errors, 0 left on base; Charlotte 2 - Nashville 0 |
| TOP OF THE 4TH |
|
Charlotte Knights batting - Pitching for Nashville Sounds : RHP Danny Nsoah
|
|
Batting: LHB Ricardo Pagan
|
0-0: Ball 1-0: Ball 2-0: Called Strike 2-1: Foul Ball, location: 2F 2-2: Ball 3-2: Foul Ball, location: 2F 3-2: Base on Balls
|
|
Batting: LHB Adam Tarbutton
|
0-0: Fielders Choice at 2nd, 4-6 (Groundball, 4S, EV 82.5 MPH)
|
|
Batting: RHB Micah Brown
|
0-0: Called Strike 0-1: Ball 1-1: Foul Ball, location: 2F 1-2: Fielders Choice at 2nd, 3-6 (Groundball, 3, EV 88.8 MPH)
|
|
Batting: RHB Danny Longoria
|
0-0: Called Strike 0-1: Ball 1-1: Fly out, F8 (Line Drive, 78D, EV 101.9 MPH)
|
| Top of the 4th over - 0 runs, 0 hits, 0 errors, 1 left on base; Charlotte 2 - Nashville 0 |
| BOTTOM OF THE 4TH |
|
Nashville Sounds batting - Pitching for Charlotte Knights : RHP Jake Milligan
|
|
Batting: RHB Tim Cordle
|
0-0: Ball 1-0: Called Strike 1-1: Foul Ball, location: 2F 1-2: Strikes out swinging
|
|
Batting: RHB David Herrera
|
0-0: Swinging Strike 0-1: Foul Ball, location: 2F 0-2: Ball 1-2: Strikes out swinging
|
|
Batting: LHB Tomas Segarra
|
0-0: Swinging Strike 0-1: Foul Ball, location: 2F 0-2: Foul Ball, location: 2F 0-2: Foul Ball, location: 2F 0-2: Strikes out swinging
|
| Bottom of the 4th over - 0 runs, 0 hits, 0 errors, 0 left on base; Charlotte 2 - Nashville 0 |
| TOP OF THE 5TH |
|
Charlotte Knights batting - Pitching for Nashville Sounds : RHP Danny Nsoah
|
|
Batting: RHB Kikuo Sato
|
0-0: Ball 1-0: Ball 2-0: Ball 3-0: Called Strike 3-1: Base on Balls
|
|
Batting: LHB John Thurman
|
0-0: Ball 1-0: Ball 2-0: DOUBLE (Groundball, 3D, EV 104.4 MPH) Kikuo Sato to third Runner from 3rd tries for Home, SAFE, throw by RF to trailing runner, OUT at third! 9-3-5
|
|
Batting: LHB Carlos Ramirez
|
0-0: Ball 1-0: Foul Ball, location: 2F 1-1: Foul Ball, location: 2F 1-2: Ball 2-2: Foul Ball, location: 2F 2-2: Ball 3-2: Fly out, F7 (Flyball, 78S, EV 81.2 MPH)
|
|
Batting: LHB Joe Kirkland
|
0-0: Ball 1-0: Ball 2-0: Ball 3-0: Base on Balls
|
|
Batting: RHB Fletcher Easter
|
0-0: Called Strike 0-1: Called Strike 0-2: SINGLE (Groundball, 34D, EV 108.1 MPH) Joe Kirkland to second Runner from 2nd tries for 3rd, SAFE, throw by RF made to third
|
|
Batting: LHB Ricardo Pagan
|
0-0: Called Strike 0-1: Ball 1-1: Ball 2-1: SINGLE (Groundball, 4MD, EV 96.9 MPH) Joe Kirkland scores Fletcher Easter to second Runner from 2nd tries for 3rd, SAFE, throw by CF made to third Ricardo Pagan to second
|
|
Batting: LHB Adam Tarbutton
|
0-0: Foul Ball, location: 2F 0-1: Foul Ball, location: 2F 0-2: Strikes out swinging
|
| Top of the 5th over - 2 runs, 3 hits, 0 errors, 2 left on base; Charlotte 4 - Nashville 0 |
| BOTTOM OF THE 5TH |
|
Nashville Sounds batting - Pitching for Charlotte Knights : RHP Jake Milligan
|
|
Batting: RHB Ryan Kinkead
|
0-0: Fly out, F9 (Flyball, 9LD, EV 93.1 MPH)
|
|
Pitching: RHP Emilio Gonzalez
|
|
|
Batting: RHB Bill Cabrera
|
0-0: Foul Ball, location: 2F 0-1: Hit by Pitch
|
|
Batting: RHB Travis Robinson
|
0-0: Called Strike 0-1: Called Strike 0-2: Strikes out looking
|
|
Batting: SHB Ryan Chicoine
|
0-0: Hit by Pitch Bill Cabrera to second
|
|
Batting: RHB Jeff Garofalo
|
0-0: Foul Ball, location: 2F 0-1: Ball 1-1: Foul Ball, location: 2F 1-2: Ball 2-2: Strikes out swinging
|
| Bottom of the 5th over - 0 runs, 0 hits, 0 errors, 2 left on base; Charlotte 4 - Nashville 0 |
| TOP OF THE 6TH |
|
Charlotte Knights batting - Pitching for Nashville Sounds : RHP Danny Nsoah
|
|
Batting: RHB Micah Brown
|
0-0: Ball 1-0: Called Strike 1-1: Ball 2-1: Ground out 5-3 (Groundball, 5S, EV 86.9 MPH)
|
|
Batting: RHB Danny Longoria
|
0-0: Ground out 5-3 (Groundball, 56, EV 89.4 MPH)
|
|
Batting: RHB Kikuo Sato
|
0-0: Ground out 4-3 (Groundball, 4, EV 106.2 MPH)
|
| Top of the 6th over - 0 runs, 0 hits, 0 errors, 0 left on base; Charlotte 4 - Nashville 0 |
| BOTTOM OF THE 6TH |
|
Nashville Sounds batting - Pitching for Charlotte Knights : RHP Emilio Gonzalez
|
|
Batting: SHB Robert Santiago
|
0-0: Ball 1-0: Fly out, F9 (Flyball, 9, EV 89.4 MPH)
|
|
Batting: RHB Tim Cordle
|
0-0: Ball 1-0: Ball 2-0: Called Strike 2-1: Fly out, F7 (Flyball, 7D, EV 83.8 MPH)
|
|
Batting: RHB David Herrera
|
0-0: Ball 1-0: SINGLE (Groundball, 4MS, EV 75.6 MPH) (infield hit)
|
|
Batting: LHB Tomas Segarra
|
0-0: Called Strike David Herrera steals 2nd base 0-1: Ground out 5-3 (Groundball, 56, EV 88.8 MPH)
|
| Bottom of the 6th over - 0 runs, 1 hit, 0 errors, 1 left on base; Charlotte 4 - Nashville 0 |
| TOP OF THE 7TH |
|
Charlotte Knights batting - Pitching for Nashville Sounds : RHP Danny Nsoah
|
|
Batting: LHB John Thurman
|
0-0: Ball 1-0: Ground out 4-3 (Groundball, 4M, EV 86.9 MPH)
|
|
Batting: LHB Carlos Ramirez
|
0-0: SINGLE (Groundball, 6MD, EV 105.0 MPH)
|
|
Batting: LHB Joe Kirkland
|
0-0: Foul Ball, location: 2F 0-1: Fly out, F8 (Flyball, 8LM, EV 87.5 MPH)
|
|
Pitching: RHP Orlando Giron
|
|
|
Batting: RHB Fletcher Easter
|
0-0: Called Strike 0-1: Called Strike 0-2: Ball 1-2: Foul Ball, location: 2F 1-2: Ball 2-2: Ground out 1-3 (Groundball, 34S, EV 69.4 MPH)
|
| Top of the 7th over - 0 runs, 1 hit, 0 errors, 1 left on base; Charlotte 4 - Nashville 0 |
| BOTTOM OF THE 7TH |
|
Nashville Sounds batting - Pitching for Charlotte Knights : RHP Emilio Gonzalez
|
|
Now at 1B: Ron Johansen
|
|
|
Batting: RHB Ryan Kinkead
|
0-0: Ground out 4-3 (Groundball, 4, EV 103.1 MPH)
|
|
Batting: RHB Bill Cabrera
|
0-0: Swinging Strike 0-1: Foul Ball, location: 2F 0-2: Ground out 5-3 (Groundball, 56, EV 77.5 MPH)
|
|
Batting: RHB Travis Robinson
|
0-0: Foul Ball, location: 2F 0-1: Ball 1-1: Ball 2-1: Foul Ball, location: 2F 2-2: Fly out, F8 (Flyball, 89D, EV 95.0 MPH)
|
| Bottom of the 7th over - 0 runs, 0 hits, 0 errors, 0 left on base; Charlotte 4 - Nashville 0 |
| TOP OF THE 8TH |
|
Charlotte Knights batting - Pitching for Nashville Sounds : RHP Orlando Giron
|
|
Batting: LHB Ricardo Pagan
|
0-0: Foul Ball, location: 2F 0-1: Ball 1-1: Swinging Strike 1-2: Ball 2-2: Ball 3-2: Fly out, F9 (Flyball, 9LS, EV 90.0 MPH)
|
|
Batting: LHB Adam Tarbutton
|
0-0: Foul Ball, location: 2F 0-1: Called Strike 0-2: Strikes out looking
|
|
Batting: RHB Micah Brown
|
0-0: Called Strike 0-1: Ball 1-1: Ground out U3 (Groundball, 3L, EV 107.5 MPH)
|
| Top of the 8th over - 0 runs, 0 hits, 0 errors, 0 left on base; Charlotte 4 - Nashville 0 |
| BOTTOM OF THE 8TH |
|
Nashville Sounds batting - Pitching for Charlotte Knights : RHP Emilio Gonzalez
|
|
Pitching: RHP Dave McGee
|
|
|
Batting: SHB Ryan Chicoine
|
0-0: SINGLE (Groundball, 6, EV 102.5 MPH)
|
|
Batting: RHB Jeff Garofalo
|
0-0: Ball 1-0: Foul Ball, location: 2F 1-1: SINGLE (Groundball, 5S, EV 76.2 MPH) (infield hit) Ryan Chicoine to second
|
|
Batting: SHB Robert Santiago
|
0-0: Ball 1-0: Ball 2-0: Fly out, F8 (Flyball, 8LM, EV 88.8 MPH)
|
|
Batting: RHB Tim Cordle
|
0-0: Called Strike 0-1: Ball 1-1: Called Strike 1-2: Strikes out looking
|
|
Batting: RHB David Herrera
|
0-0: SINGLE (Line Drive, 34D, EV 98.8 MPH) Ryan Chicoine to third Jeff Garofalo to second Runner from 3rd tries for Home, SAFE, throw by RF to home
|
|
Batting: LHB Tomas Segarra
|
0-0: Ball 1-0: Ball 2-0: Ground out U3 (Groundball, 3, EV 83.8 MPH)
|
| Bottom of the 8th over - 1 run, 3 hits, 0 errors, 2 left on base; Charlotte 4 - Nashville 1 |
| TOP OF THE 9TH |
|
Charlotte Knights batting - Pitching for Nashville Sounds : RHP Orlando Giron
|
|
Batting: RHB Danny Longoria
|
0-0: Ball 1-0: Ball 2-0: Ball 3-0: Base on Balls
|
|
Batting: RHB Kikuo Sato
|
0-0: Ball 1-0: Called Strike 1-1: SINGLE (Line Drive, 8LS, EV 111.9 MPH) Danny Longoria to second
|
|
Batting: LHB John Thurman
|
0-0: Fly out, F6 (Line Drive, 6, EV 70.0 MPH)
|
|
Batting: RHB Ron Johansen
|
0-0: Ball 1-0: Ball 2-0: Ball 3-0: Called Strike 3-1: SINGLE (Flyball, 7, EV 98.8 MPH) Danny Longoria to third Kikuo Sato to second
|
|
Batting: LHB Joe Kirkland
|
0-0: Grounds into fielders choice 4-2 (Groundball, 34S, EV 82.5 MPH) Kikuo Sato to third Ron Johansen to second
|
|
Batting: RHB Fletcher Easter
|
0-0: Foul Ball, location: 2F 0-1: Ground out 4-3 (Groundball, 4, EV 101.2 MPH)
|
| Top of the 9th over - 0 runs, 2 hits, 0 errors, 3 left on base; Charlotte 4 - Nashville 1 |
| BOTTOM OF THE 9TH |
|
Nashville Sounds batting - Pitching for Charlotte Knights : RHP Dave McGee
|
|
Batting: RHB Ryan Kinkead
|
0-0: Ball 1-0: Swinging Strike 1-1: Ball 2-1: Ball 3-1: Swinging Strike 3-2: Strikes out looking
|
|
Batting: RHB Bill Cabrera
|
0-0: Called Strike 0-1: SINGLE (Groundball, 6, EV 96.9 MPH)
|
|
Batting: RHB Travis Robinson
|
0-0: Ball 1-0: Fly out, F9 (Flyball, 9, EV 90.0 MPH)
|
|
Batting: SHB Ryan Chicoine
|
0-0: Ball 1-0: Foul Ball, location: 2F 1-1: Ball 2-1: Ball 3-1: Called Strike 3-2: Strikes out looking
|
| Bottom of the 9th over - 0 runs, 1 hit, 0 errors, 1 left on base; Charlotte 4 - Nashville 1 |
|